 Dungeon Crawl Stone Soup version 0.30-a0-462-gd5975ef (webtiles) character file.

Game seed: 13316719161548033276

832 Illumine the Covert (level 7, -1/38 HPs)
             Began as a Deep Elf Enchanter on Dec 15, 2022.
             Was an Initiate of Sif Muna.
             Slain by an adder (3 damage)
             ... on level 5 of the Dungeon.
             The game lasted 00:09:32 (4684 turns).

Illumine the Covert (Deep Elf Enchanter)            Turns: 4684, Time: 00:09:32

Health: -1/38      AC:  4    Str:  5    XL:     7   Next: 65%
Magic:  14/14      EV: 12    Int: 22    God:    Sif Muna [......]
Gold:   263        SH:  0    Dex: 15    Spells: 5/13 levels left

rFire   x . .      SeeInvis .    e - +2 dagger (vamp)
rCold   + . .      Faith    .    (no shield)
rNeg    + . .      Spirit   .    q - +0 robe
rPois   .          Reflect  .    (no helmet)
rElec   .          Harm     .    (no cloak)
rCorr   .          Rampage  .    (no gloves)
Will    .....                    h - +1 pair of boots
Stlth   ++++......               (no amulet)
HPRegen 0.26/turn                g - ring of positive energy
MPRegen 0.14/turn                j - ring of ice

@: lethally poisoned (-1 -> -3)
A: no striking features
a: Renounce Religion


You were on level 5 of the Dungeon.
You worshipped Sif Muna.
Sif Muna was noncommittal.
You visited 2 branches of the dungeon, and saw 6 of its levels.

You collected 263 gold pieces.

Inventory:

Hand Weapons
 b - a +0 short sword of speed
 e - a +2 vampiric dagger (weapon)
Armour
 h - a +1 pair of boots (worn)
 q - a +0 robe (worn)
Magical Staves
 p - a staff of conjuration
Jewellery
 g - a ring of positive energy (left hand)
 j - a ring of ice (right hand)
 l - a ring of flight
 t - an amulet of magic regeneration
Scrolls
 f - 2 scrolls of magic mapping
 k - a scroll of summoning {unknown}
 m - 2 scrolls of torment
 s - 2 scrolls of teleportation {unknown}
Potions
 n - a potion of ambrosia
 o - a potion of heal wounds {unknown}
 r - a potion of magic {unknown}
 u - a potion of attraction {unknown}
 v - a potion of degeneration {unknown}


   Skills:
 + Level 1.0 Fighting
 + Level 5.4 Short Blades
 - Level 2.4 Dodging
 + Level 8.4 Stealth
 + Level 3.6 Spellcasting
 + Level 4.5 Hexes
 + Level 1.5 Ice Magic


You had 5 spell levels left.
You knew the following spells:

 Your Spells              Type           Power      Damage    Failure   Level
a - Ensorcelled Hibernat  Hex/Ice        52%        N/A       4%          2
b - Confusing Touch       Hex            24%        N/A       5%          3
c - Tukima's Dance        Hex            24%        N/A       5%          3

Your spell library contained the following spells:

 Spells                   Type           Power      Damage    Failure   Level
 Kiss of Death            Conj/Necr      12%        2d6       12%         1
 Summon Small Mammal      Summ           12%        N/A       12%         1
 Dazzling Flash           Conj/Hex       28%        N/A       14%         3
 Summon Guardian Golem    Hex/Summ       14%        N/A       14%         3
 Hailstorm                Conj/Ice       10%        3d5       26%         3
 Call Canine Familiar     Summ           3%         N/A       34%         3
 Stone Arrow              Conj/Erth      6%         3d7       34%         3
 Ice Form                 Ice/Tmut       10%        N/A       65%         4
 Animate Armour           Summ/Erth      6%         N/A       75%         4
 Dispel Undead            Necr           3%         3d7       75%         4
 Passage of Golubria      Tloc           3%         N/A       75%         4
 Yara's Violent Unravell  Hex/Tmut       7%         3d5       77%         5
 Simulacrum               Ice/Necr       5%         N/A       100%        6
 Lehudib's Crystal Spear  Conj/Erth      1%         10d2      100%        8


Dungeon Overview and Level Annotations

Branches:
Dungeon (5/15)             Temple (1/1) D:4

Altars:
Ashenzari
Cheibriados
Fedhas
Gozag
Kikubaaqudgha
Makhleb
Nemelex Xobeh
Qazlal
Sif Muna
Uskayaw
Vehumet
Wu Jian
Xom
Yredelemnul
Zin

Shops:
D:1 (   D:3 =


Message History

The sentinel's mark upon you fades away.
The orc wizard gestures at you while chanting.
The puff of flame hits you! The fire burns you terribly!
* * * LOW HITPOINT WARNING * * *
You're too confused to move!
The orc wizard hits you.
* * * LOW HITPOINT WARNING * * *
The ufetubus misses you. x2
Okay, then.
You completely miss the ufetubus. The adder closely misses you.
The ufetubus barely misses you. The ufetubus misses you.
The ufetubus closely misses you. The ufetubus barely misses you.
You flicker for a moment.
The ufetubus closely misses you. The ufetubus hits you.
The ufetubus barely misses you. x2
You feel less invigorated.
You feel less confused.
You closely miss the adder. The adder bites you.
You are poisoned.
The adder poisons you!
Unknown command.
As you read the scroll labelled METZIL IMOMO, it crumbles to dust.
It is a scroll of amnesia.
Really abort (and waste the scroll)?
Okay, then.
You feel sick. The adder bites you but does no damage.
A howler monkey comes into view.
The ufetubus misses you. The ufetubus barely misses you.
As you read the scroll labelled BAAQEPR JAMMEZ, it crumbles to dust.
It is a scroll of enchant armour.
Your +0 pair of boots glows green for a moment.
You flicker back into view.
You feel sick. The adder bites you but does no damage.
The ufetubus barely misses you. The ufetubus hits you.
The orc priest calls down the wrath of Beogh upon you.
Beogh smites you!
* * * LOW HITPOINT WARNING * * *
The iguana bites you.
* * * LOW HITPOINT WARNING * * *
The adder bites you.
You die...

####...).............##
#.......####.....(....#
#.##.#### #.........##
#<##.# ###.....### #8..
#.##.# #.....#####...
#.##.# #........#8...
#.##.# #####.#...#####...
#.##.# #...o.....#####8..
#.##.# #@lo.o.h.....# ##>
#.##.# #S5#####.#########
#.#..# #..# #.# #.##.
#....## #..# #.# ##.###
#.#.#.####..# #S####...##
#....[..##..# #ool.S#.#.#
#.#.#.#.##..# ###........
##...##.##[.#######.....#)#
##.###.##...............##


You could see a howler monkey, an iguana, 2 orc priests, an orc wizard, an adder
and an ufetubus.

Vanquished Creatures
  Sigmund (D:2)
  A water moccasin (D:5)
  An orc warrior (D:4)
  An ogre (D:5)
  Blork the orc (D:5)
  A jelly (D:4)
  An orc priest (D:5)
  2 hounds (D:3)
  An orc wizard (D:5)
  A gnoll (D:4)
  6 adders
  4 worms
  A dart slug (D:2)
  7 orcs
  5 bats
  13 endoplasms
  4 giant cockroaches
  7 goblins
  8 hobgoblins
  6 kobolds
  4 quokkas
  8 ball pythons
  5 frilled lizards (D:1)
  6 rats
95 creatures vanquished.

Vanquished Creatures (collateral kills)
  2 gnolls (D:4)
2 creatures vanquished.

Vanquished Creatures (others)
  2 dancing weapons (D:5)
2 creatures vanquished.

Grand Total: 99 creatures vanquished

Notes
Turn   | Place    | Note
-------+----------+-------------------------------------------
     0 | D:1      | Illumine the Deep Elf Enchanter began the quest for the
                  | Orb.
     0 | D:1      | Reached XP level 1. HP: 10/10 MP: 6/6
   161 | D:1      | Reached skill level 4 in Stealth
   358 | D:1      | Reached XP level 2. HP: 15/15 MP: 8/8
   456 | D:1      | Learned a level 2 spell: Ensorcelled Hibernation
   898 | D:1      | Found Irev's Weapon Boutique.
   934 | D:1      | Reached XP level 3. HP: 19/19 MP: 9/9
  1230 | D:1      | Learned a level 3 spell: Confusing Touch
  1234 | D:1      | Learned a level 3 spell: Tukima's Dance
  1262 | D:2      | Reached skill level 5 in Stealth
  1504 | D:2      | Noticed Sigmund
  1518 | D:2      | Killed Sigmund
  1519 | D:2      | Reached skill level 6 in Stealth
  1519 | D:2      | Reached XP level 4. HP: 11/24 MP: 7/10
  1519 | D:2      | Reached XP level 5. HP: 13/28 MP: 7/11
  2157 | D:3      | Noticed an ice beast
  2403 | D:3      | Reached XP level 6. HP: 32/32 MP: 12/12
  2467 | D:3      | Reached skill level 7 in Stealth
  2579 | D:3      | Found Ceeles's Jewellery Shop.
  2752 | D:4      | Found a staircase to the Ecumenical Temple.
  2768 | Temple   | Entered the Ecumenical Temple
  2878 | Temple   | Became a worshipper of Sif Muna the Loreminder
  3460 | D:4      | Identified the +3 trident of the Known World {pain, rN+
                  | Will+ Str+5 Stlth-}
  3855 | D:5      | Entered Level 5 of the Dungeon
  3935 | D:5      | Reached XP level 7. HP: 36/36 MP: 13/13
  3953 | D:5      | Noticed Blork the orc
  3958 | D:5      | Killed Blork the orc
  3959 | D:5      | Reached skill level 5 in Short Blades
  3959 | D:5      | Reached skill level 8 in Stealth
  4238 | D:5      | Reached skill level 1 in Ice Magic
  4464 | D:5      | Reached skill level 1 in Fighting
  4684 | D:5      | Slain by an adder

Illustrated notes

Levels and vault maps discovered:
D:1:      amcnicky_arrival_underground_garden, layout_basic, serial_shops,
          nicolae_shop_waterfront, serial_corexii_hall, corexii_hall_statues_x,
          chequers_hall_statues_corner_a, kennysheep_doodads
D:2:      layout_loops_cross, uniq_sigmund
D:3:      layout_rooms, serial_shops, shop, minmay_joined_circles
D:4:      layout_loops_corners, minmay_temple_entry_offerings
D:5:      layout_loops_ring, nicolae_overflow_hidden_temple, kennysheep_nub,
          guppyfry_early_orc_mine, uniq_blork_the_orc
Temple:   minmay_crystal_spiral_temple

Skill      XL: |  1  2  3  4  5  6  7 |
---------------+----------------------+-----
Stealth        | 4 6 7 8 |  8.4
Short Blades   | 3 4 5 |  5.4
Ice Magic      | 1 |  1.5
Fighting       | 1 |  1.0
Dodging        | |  2.4
Spellcasting   | |  3.6
Hexes          | |  4.5

Action                   |  1- 3 |  4- 6 |  7- 9 || total
-------------------------+-------+-------+-------++-------
Melee: Dagger            |    60 |    82 |    16 ||   158
       Short sword       |       |    26 |       ||    26
 Cast: Ensorcelled Hiber |    14 |    28 |     9 ||    51
       Tukima's Dance    |       |     2 |     6 ||     8
  Use: Potion            |     1 |       |     3 ||     4
       Scroll            |       |     4 |     2 ||     6
 Stab: Sleeping          |    31 |    34 |     9 ||    74
       Distracted        |       |       |     1 ||     1
Armor: Robe              |     7 |    24 |     2 ||    33
Dodge: Dodged            |    32 |    59 |    20 ||   111

Table legend: (Time is in decaauts)
 A = Elapsed time spent in this place.
 B = Non-inter-level travel time spent in this place.
 C = Inter-level travel time spent in this place.
 D = Time resting spent in this place.
 E = Time spent auto-exploring this place.
 F = Levels seen in this place.
 G = Mean time per level.
                   A        B        C        D        E       F      G
               +--------+--------+--------+--------+--------+-----+--------+
         Total |   4652 |   4463 |    189 |    654 |   2754 |   6 |  775.3 |
       Dungeon |   4414 |   4300 |    114 |    608 |   2670 |   5 |  882.8 |
        Temple |    238 |    163 |     75 |     46 |     84 |   1 |  238.0 |
               +--------+--------+--------+--------+--------+-----+--------+

Top non-repeatable levels by time:
     D:1: 1235 daAuts
     D:4: 1158 daAuts
     D:2: 816 daAuts
     D:5: 609 daAuts
     D:3: 595 daAuts
  Temple: 238 daAuts
